Map: Abiogenesis LE

Players

Kilshais

  • Race: Terran Terran
  • League: Diamond
  • Spawn Location: 11:00

Tempest - Winner!

  • Race: Protoss Protoss
  • League: Diamond
  • Spawn Location: 5:00

VOD

Have the link to the VOD?

Description

Time

  • Played on: March 30, 2018, 6:02 p.m.
  • Length: 5:45
Show
View Real Time Build Order
Export as new Build Order

Kilshais Terran 

Build Orders: Cyclone Opening, Reaper Expand 

Get SALT Encoding   

  12  0:00  SCV  
  13  0:12  SCV  
  14  0:17  Supply Depot  
  14  0:25  SCV  
  15  0:28  Refinery  
  15  0:38  SCV  
  16  0:46  Barracks  
  16  0:51  SCV  
  17  1:03  SCV  
  18  1:15  SCV  
  19  1:34  Reaper, Orbital Command  
  20  1:46  Command Center  
  20  2:04  Factory  
  20  2:05  Refinery  
  20  2:14  SCV  
  21  2:20  Barracks Reactor  
  21  2:24  Supply Depot  
  21  2:26  SCV  
  22  2:38  SCV  
  23  2:48  Cyclone  
  26  2:52  SCV  
  27  3:00  Marine x2  
  29  3:12  Engineering Bay  
  29  3:15  Orbital Command  
  29  3:17  Marine  
  29  3:18  Marine  
  32  3:20  SCV  
  32  3:21  Cyclone  
  35  3:32  SCV  
  36  3:35  Marine x2  
  38  3:44  SCV  
  38  3:46  SCV  
  40  3:53  Marine x2, Cyclone  
  41  3:56  SCV  
  41  4:02  SCV  
  42  4:08  Missile Turret  
  42  4:15  SCV x2  
  44  4:21  Missile Turret  
  44  4:27  Supply Depot  
  39  4:33  Marine x2  
  38  4:40  SCV, Cyclone  
  38  4:41  SCV  
  43  4:51  Marine x2  
  45  4:53  SCV x2  
  45  4:59  Starport  
  47  5:05  SCV x2  
  49  5:09  Marine x2  
  49  5:12  Cyclone  
  41  5:27  Marine  
Show
View Real Time Build Order
Export as new Build Order

Tempest Protoss - Winner!

Build Orders: Oracle Opening 

Get SALT Encoding   

  12  0:01  Probe  
  13  0:13  Probe  
  14  0:19  Pylon  
  14  0:25  Probe  
  15  0:39  Gateway, Probe (Chrono Boost)  
  16  0:45  Assimilator  
  16  0:50  Assimilator  
  16  0:55  Probe (Chrono Boost)  
  17  1:00  Probe (Chrono Boost)  
  18  1:11  Probe  
  19  1:23  Probe  
  20  1:26  Cybernetics Core  
  20  1:36  Probe  
  21  1:42  Pylon  
  21  1:48  Probe  
  22  2:00  Probe  
  23  2:02  Adept (Chrono Boost)  
  23  2:03  Stargate  
  23  2:04  Warp Gate  
  25  2:15  Probe  
  26  2:20  Adept  
  28  2:25  Pylon  
  28  2:37  Gateway  
  28  2:44  Oracle (Chrono Boost)  
  30  3:09  Gateway x2  
  30  3:14  Oracle (Chrono Boost)  
  33  3:36  Pylon  
  33  3:46  Pylon  
  33  4:09  Pylon  
  33  4:10  Stalker x3  
  33  4:11  Stalker  
  41  4:21  Pylon  
  41  4:36  Stalker x3  
  43  4:43  Sentry  
  45  4:59  Stalker  
  47  5:00  Stalker  
  40  5:34  Stalker x3  
Tags
 
Add a new tag
Caveats
  • Supply blocks, unpowered buildings, or Contaminate may cause inaccurate times.
  • Supply counts are checked every 10 seconds.